 Dungeon Sprint DCSS version 0.29-a0-1008-g949cc1d0fb (webtiles) character file.

Game seed: 18286625875402412719

24077 mhtbhm the Ninja (level 12, -18/103 HPs)
             Began as a Spriggan Brigand on Aug 7, 2022.
             Was the Champion of Dithmenos.
             Killed from afar by a fire giant (21 damage)
             ... with a bolt of fire
             ... in the Dungeon (Sprint I: "Red Sonja").
             The game lasted 00:15:36 (3932 turns).

mhtbhm the Ninja (Spriggan Brigand)                 Turns: 3932, Time: 00:15:37

Health: -18/103    AC:  5    Str:  3    XL:     12   Next: 77%
Magic:  24/24      EV: 27    Int: 18    God:    Dithmenos [******]
Gold:   3164       SH:  5    Dex: 20    Spells: 11/11 levels left

rFire   + . .      SeeInvis +   a - +4 rapier of Kindness {speed, Fly Will+ Str-4 Int+4}
rCold   . . .      Faith    .   (no shield)
rNeg    . . .      Spirit   .   b - +2 robe {rF+}
rPois   +          Reflect  +   (helmet restricted)
rElec   .          Harm     .   t - +0 cloak {rPois}
rCorr   +          Rampage  .   (gloves unavailable)
Will    +++..      NoTele   +   (boots unavailable)
Stlth   ..........              B - amulet of reflection
HPRegen 0.27/turn               n - ring of flight
MPRegen 0.19/turn               x - ring of resist corrosion

@: mighty, berserking, flying, hasted, wreathed by umbra, very quick
A: very small, no large weapons, unfitting armour, see invisible, speed 3
a: Renounce Religion, Shadow Step, Shadow Form


You were in the Dungeon.
You worshipped Dithmenos.
Dithmenos was exalted by your worship.
You visited 1 branch You collected 5728 gold pieces.
You spent 2564 gold pieces at shops.

Inventory:

Hand Weapons
 a - the +4 rapier of Kindness (weapon) {speed, Fly Will+ Str-4 Int+4}
   (You found it in the Dungeon)

   Attacks with this weapon are significantly faster.
   Str:       It affects your strength (-4).
   Int:       It affects your intelligence (+4).
   Fly:       It grants you flight.
   Will:      It increases your willpower.
Missiles
 d - 7 poisoned darts (quivered)
 e - 7 curare-tipped darts
 p - a throwing net
Armour
 b - a +2 robe of fire resistance (worn)
 t - a +0 cloak of poison resistance (worn)
 A - the +1 robe "Ruchaen" {rC++}
   (You found it in the Dungeon)

   rC:        It greatly protects you from cold.
Jewellery
 n - a ring of flight (left hand)
 u - a ring of ice
 x - a ring of resist corrosion (right hand)
 B - an amulet of reflection (around neck)
Wands
 w - a wand of acid (5)
Scrolls
 g - a scroll of vulnerability
 k - 4 scrolls of blinking
 q - 3 scrolls of fear
 s - 3 scrolls of amnesia
 y - 2 scrolls of fog
 D - a scroll of enchant weapon
 E - a scroll of brand weapon
 F - 2 scrolls of identify
Potions
 f - 5 potions of curing
 h - a potion of haste
 i - 2 potions of magic
 m - 2 potions of brilliance
 o - a potion of flight
 r - a potion of mutation
 v - a potion of might
 C - a potion of attraction
Miscellaneous
 j - a lightning rod (4/4)
 l - a condenser vane


   Skills:
 + Level 10.7 Fighting
 + Level 17.8 Short Blades
 + Level 10.1 Throwing
 + Level 12.5 Dodging
 O Level 27 Stealth
 + Level 1.3 Unarmed Combat
 * Level 15.5 Invocations


You had 11 spell levels left.
You didn't know any spells.
Your spell library contained the following spells:

 Spells                   Type           Power      Damage    Failure   Level
 Static Discharge         Conj/Air       0%         3-3/arc   32%         2
 Alistair's Intoxication  Tmut/Pois      0%         N/A       99%         5
 Iskenderun's Battlesphe  Conj           0%         2d6       99%         5
 Iron Shot                Conj/Erth      0%         9d1       100%        6
 Spellforged Servitor     Conj/Summ      0%         N/A       100%        7
 Maxwell's Capacitive Co  Air            0%         ∞         100%        8


Dungeon Overview and Level Annotations

Branches:
Dungeon (1/1)

Altars:
Cheibriados
Dithmenos
Elyvilon
Fedhas
Gozag
Hepliaklqana
Kikubaaqudgha
Makhleb
Nemelex Xobeh
Okawaru
Qazlal
Ru
Sif Muna
Trog
Uskayaw
Vehumet
Wu Jian
Xom
Yredelemnul
Zin
The Shining One
Jiyva
Lugonu

Shops:
D (=*:*[:(=[****![*?


Innate Abilities, Weirdness & Mutations

You are very small and have problems with some larger weapons.
You are too small for most types of armour.
You have supernaturally acute eyesight. (SInv)
You cover ground extremely quickly. (Speed+++)


Message History

You hit the fire giant.
The fire giant is moderately wounded.
Your shadow hits the fire giant but does no damage.
You hit the fire giant.
The fire giant is moderately wounded.
Your shadow hits the fire giant but does no damage.
You puncture the fire giant!
The fire giant is heavily wounded.
Your shadow hits the fire giant but does no damage.
You hit the fire giant.
The fire giant is heavily wounded.
The fire giant completely misses you.
You puncture the fire giant!
The fire giant is heavily wounded.
Your shadow hits the fire giant with a rapier.
You barely miss the fire giant.
The fire giant is severely wounded.
You hit the fire giant but do no damage.
The fire giant is severely wounded.
Your shadow hits the fire giant but does no damage.
You hit the fire giant.
The fire giant is severely wounded.
Your shadow hits the fire giant with a rapier.
The fire giant barely misses you.
You hit the fire giant.
The fire giant is severely wounded.
You hit the fire giant but do no damage.
The fire giant is severely wounded.
Your shadow hits the fire giant but does no damage.
You puncture the fire giant!
You punch the fire giant, but do no damage.
The fire giant is almost dead.
Your shadow hits the fire giant but does no damage.
You impale the fire giant!!
You kill the fire giant!
Dithmenos accepts your kill.
Unknown command.
The fire giant points at you and mumbles some strange words.
The bolt of fire hits you!! You resist.
You die...

'###.###.#°○###○°###..#+###..≈#.§
...')∩##.#..####..###...#.≈.)##§.
########§##'#..#..#.###.#.≈..#.§.
......##§##(#.........#.###..#.§.
.......§.####.........#§#,+..##..
''######.#[)'......####'#,##'##..
....§..#§#####...###§..§#,#~~~##.
...§§§#§§#:$$#####§§§####,#~~~~##
....§§####$...§C@§§###,,,,#~~~~~#
....~§##$?$...§#####,,,,####~~~~#
..~~~###$(...§##,,,,,,,,#..#'~~~'
~~~### #(.C..#*,,,,^,,,^#..[##~~#
###'####$$$$$*,,,,,,,,,^#)...####
####∩∩#######*****,,,,,,#....#~~≈
∩∩∩∩∩###≈≈≈≈~~~~,*,,,,,,#######~~
###### #####******,,,,^,+).#).'..
*,,,,,+,^,,^,,,,,#||'}.#..


You could see a fire giant.

Vanquished Creatures
  the Lernaean hydra (D)
  A golden dragon (D)
  A deep elf master archer (D)
  A shadow dragon (D)
  2 fire giants (D)
  A deep elf annihilator (D)
  A lorocyproca (D)
  A mummy priest (D)
  A shambling mangrove (D)
  A hydra (D)
  2 centaur warriors (D)
  Sonja (D)
  A deep troll (D)
  A lindwurm (D)
  An oklob plant (D)
  2 merfolk sirens (D)
  2 gargoyles (D)
  7 unseen horrors (D)
  4 demonic crawlers (D)
  2 kobold demonologists (D)
  A hellwing (D)
  A slime creature (D)
  7 hornets (D)
  Sigmund (D)
  A yak (D)
  13 hogs (D)
  2 redbacks (D)
  3 floating eyes (D)
  An ogre (D)
  7 necrophages (D)
  7 jellies (D)
  Ijyb (D)
  A river rat (D)
80 creatures vanquished.

Vanquished Creatures (others)
  2 ballistomycete spores (D)
2 creatures vanquished.

Grand Total: 82 creatures vanquished

Notes
Turn   | Place    | Note
-------+----------+-------------------------------------------
     0 | D        | mhtbhm the Spriggan Brigand began the quest for the Orb.
     0 | D        | Reached XP level 1. HP: 10/10 MP: 2/2
     2 | D        | Noticed Ijyb
     7 | D        | Killed Ijyb
     8 | D        | Reached skill level 9 in Stealth
     8 | D        | Reached XP level 2. HP: 15/15 MP: 3/3
    37 | D        | Noticed an ogre
    39 | D        | Killed an ogre
    40 | D        | Reached skill level 13 in Stealth
    40 | D        | Reached XP level 3. HP: 19/19 MP: 4/4
    40 | D        | Reached XP level 4. HP: 23/23 MP: 5/5
    52 | D        | Noticed Sigmund
    54 | D        | Killed Sigmund
    55 | D        | Reached skill level 16 in Stealth
    55 | D        | Reached XP level 5. HP: 28/28 MP: 6/6
    55 | D        | Reached XP level 6. HP: 32/32 MP: 7/7
    70 | D        | Found a burning altar of Makhleb.
    70 | D        | Found a shimmering altar of Xom.
    70 | D        | Noticed a slime creature
    71 | D        | Found a viscous altar of Jiyva.
    71 | D        | Found a corrupted altar of Lugonu.
    73 | D        | Killed a slime creature
    74 | D        | Reached skill level 19 in Stealth
    75 | D        | Found an ornate altar of the Wu Jian Council.
    75 | D        | Found a shimmering blue altar of Sif Muna.
    77 | D        | Found a radiant altar of Vehumet.
    83 | D        | Found Eligop's Jewellery Emporium.
    83 | D        | Found an ancient bone altar of Kikubaaqudgha.
    83 | D        | Found a hazy altar of Hepliaklqana.
    83 | D        | Found a stormy altar of Qazlal.
    83 | D        | Found a hide-covered altar of Uskayaw.
    83 | D        | Found a blossoming altar of Fedhas.
    83 | D        | Found a bloodstained altar of Trog.
    83 | D        | Found an iron altar of Okawaru.
    83 | D        | Found a basalt altar of Yredelemnul.
    83 | D        | Found a glowing golden altar of the Shining One.
    83 | D        | Found a snail-covered altar of Cheibriados.
    83 | D        | Found a sacrificial altar of Ru.
    83 | D        | Found a glowing silver altar of Zin.
    83 | D        | Found a shadowy altar of Dithmenos.
    83 | D        | Found a white marble altar of Elyvilon.
    83 | D        | Noticed a yak
    84 | D        | Found an opulent altar of Gozag.
    85 | D        | Killed a yak
    86 | D        | Reached skill level 5 in Throwing
    86 | D        | Reached skill level 20 in Stealth
    86 | D        | Reached XP level 7. HP: 37/37 MP: 8/8
    86 | D        | Found a sparkling altar of Nemelex Xobeh.
    94 | D        | Became a worshipper of Dithmenos the Shadowed
   177 | D        | Noticed Sonja
   181 | D        | Killed Sonja
   182 | D        | Reached skill level 5 in Short Blades
   182 | D        | Reached skill level 22 in Stealth
   182 | D        | Reached XP level 8. HP: 42/42 MP: 8/11
   200 | D        | Found Byny's Weapon Boutique.
   220 | D        | Noticed a deep troll
   224 | D        | Killed a deep troll
   225 | D        | Reached skill level 24 in Stealth
   225 | D        | Reached skill level 5 in Invocations
   234 | D        | Found Fewitre's Armour Emporium.
   251 | D        | Bought a +2 robe of fire resistance for 194 gold pieces
   427 | D        | Noticed a kobold demonologist
   428 | D        | Noticed a kobold demonologist
   431 | D        | Noticed a soul eater
   433 | D        | Reached * piety under Dithmenos
   436 | D        | Killed a kobold demonologist
   437 | D        | Reached skill level 5 in Fighting
   437 | D        | Reached XP level 9. HP: 24/47 MP: 12/14
   437 | D        | Killed a kobold demonologist
   438 | D        | Reached skill level 25 in Stealth
   453 | D        | Noticed a centaur warrior
   453 | D        | Noticed a centaur warrior
   459 | D        | Killed a centaur warrior
   459 | D        | Reached ** piety under Dithmenos
   460 | D        | Reached skill level 26 in Stealth
   460 | D        | Killed a centaur warrior
   461 | D        | Reached skill level 27 in Stealth
   468 | D        | Noticed an oklob plant
   733 | D        | Noticed a shambling mangrove
   733 | D        | an oklob plant changed into a shambling mangrove
   751 | D        | Killed a shambling mangrove
   752 | D        | Reached XP level 10. HP: 53/53 MP: 15/17
   752 | D        | Reached *** piety under Dithmenos
   753 | D        | Reached skill level 5 in Dodging
   783 | D        | Reached **** piety under Dithmenos
   784 | D        | Reached skill level 10 in Invocations
  1120 | D        | Reached ***** piety under Dithmenos
  1196 | D        | Reached skill level 1 in Unarmed Combat
  1198 | D        | Reached ****** piety under Dithmenos
  1220 | D        | Found Rujoufiu's Book Shoppe.
  1220 | D        | Found Eveipif's Assorted Antiques.
  1220 | D        | Found Wenav's General Store.
  1222 | D        | Found Puonnade's Antique Armour Emporium.
  1222 | D        | Found Deagon's Book Shop.
  1222 | D        | Found Amu Itz's Antique Weapon Shoppe.
  1222 | D        | Found Amusa's Jewellery Boutique.
  1222 | D        | Found Maibb's Antique Armour Emporium.
  1222 | D        | Found Marrizill's General Store.
  1222 | D        | Found Biuvien's General Store.
  1224 | D        | Bought an embroidered cloak for 172 gold pieces
  1236 | D        | Found Napolicei's Assorted Antiques.
  1237 | D        | Found Afuavoto's Distillery.
  1237 | D        | Found Zepsabes's General Store.
  1238 | D        | Found Engoif's Assorted Antiques.
  1245 | D        | Bought a potion of berserk rage for 55 gold pieces
  1245 | D        | Bought a potion of might for 44 gold pieces
  1246 | D        | Bought a wand of acid (6) for 252 gold pieces
  1246 | D        | Bought a scroll of identify for 20 gold pieces
  1254 | D        | Bought a scroll of blinking for 180 gold pieces
  1254 | D        | Bought a potion of curing for 72 gold pieces
  1318 | D        | Reached skill level 10 in Short Blades
  1330 | D        | Noticed a gargoyle
  1333 | D        | Killed a gargoyle
  1359 | D        | Noticed a lindwurm
  1363 | D        | Killed a lindwurm
  1364 | D        | Reached XP level 11. HP: 58/58 MP: 20/20
  1793 | D        | Noticed a 12-headed hydra
  1795 | D        | Killed a 12-headed hydra
  1824 | D        | Noticed a daeva
  2184 | D        | Noticed a lorocyproca
  2186 | D        | Killed a lorocyproca
  2303 | D        | Bought a runed ruby ring for 110 gold pieces
  2442 | D        | Noticed a shadow dragon
  2442 | D        | Noticed a golden dragon
  2444 | D        | Killed a shadow dragon
  2446 | D        | Killed a golden dragon
  2447 | D        | Reached skill level 10 in Dodging
  2447 | D        | Reached XP level 12. HP: 61/66 MP: 18/23
  2508 | D        | Found Reroab's Magic Scroll Shoppe.
  2527 | D        | Bought a scroll of blinking for 82 gold pieces
  2527 | D        | Bought a scroll of identify for 22 gold pieces
  2527 | D        | Bought a scroll of blinking for 82 gold pieces
  2527 | D        | Bought a scroll of fog for 44 gold pieces
  2527 | D        | Bought a scroll of fear for 44 gold pieces
  2527 | D        | Bought a scroll of fog for 44 gold pieces
  2556 | D        | Noticed a deep elf annihilator
  2557 | D        | Killed a deep elf annihilator
  2558 | D        | Reached skill level 15 in Short Blades
  2736 | D        | Noticed a mummy priest
  2748 | D        | Killed a mummy priest
  2952 | D        | Noticed the 27-headed Lernaean hydra
  2956 | D        | Killed the 27-headed Lernaean hydra
  2957 | D        | Reached skill level 10 in Fighting
  2957 | D        | Reached skill level 15 in Invocations
  3003 | D        | Noticed a deep elf master archer
  3006 | D        | Killed a deep elf master archer
  3007 | D        | Reached skill level 10 in Throwing
  3013 | D        | Got the Vademecum on the Foul Tempest
  3014 | D        | Identified the +4 rapier of Kindness {speed, Fly Will+
                  | Str-4 Int+4}
  3109 | D        | Identified the +4 halberd of Calculation {freeze, Int+2
                  | Dex+4}
  3111 | D        | Identified the +1 robe "Ruchaen" {rC++}
  3454 | D        | Bought a potion of berserk rage for 115 gold pieces
  3456 | D        | Bought a potion of haste for 110 gold pieces
  3462 | D        | Bought an amulet of reflection for 420 gold pieces
  3474 | D        | Bought a blue potion for 21 gold pieces
  3474 | D        | Bought a potion of might for 96 gold pieces
  3474 | D        | Bought an emerald potion for 21 gold pieces
  3474 | D        | Bought a scroll labelled WOFFOE HETRYBOCW for 24 gold
                  | pieces
  3477 | D        | Bought a scroll of identify for 22 gold pieces
  3479 | D        | Bought a bubbling silvery potion for 19 gold pieces
  3487 | D        | Bought a scroll of identify for 22 gold pieces
  3487 | D        | Bought a scroll of identify for 22 gold pieces
  3487 | D        | Bought a scroll of identify for 22 gold pieces
  3493 | D        | Bought a fuming purple potion for 20 gold pieces
  3493 | D        | Bought a scroll labelled KOIHOC LE AKHLO for 23 gold pieces
  3493 | D        | Bought a scroll of identify for 46 gold pieces
  3509 | D        | Bought 3 scrolls of identify for 144 gold pieces
  3876 | D        | Noticed a fire giant
  3877 | D        | Noticed a fire giant
  3877 | D        | Noticed a fire giant
  3877 | D        | Noticed a fire giant
  3878 | D        | Killed a fire giant
  3919 | D        | HP: 3/103 [fire giant/+0 great sword of flaming (18)]
  3931 | D        | Killed a fire giant
  3932 | D        | Killed from afar by a fire giant

Illustrated notes

Levels and vault maps discovered:
D:        dungeon_sprint_1 [red_sonja_temple_1, red_sonja_temple_small_1]

Skill      XL: |  1  2  3  4  5  6  7  8  9 10 11 12 |
---------------+-------------------------------------+-----
Fighting       | 2 3 4 5 7 9 10 | 10.7
Stealth        | 9 13 16 20 22 24 27 | 27.0
Short Blades   | 3 4 5 6 7 10 14 17 | 17.8
Throwing       | 3 4 5 6 7 8 9 10 | 10.1
Dodging        | 2 3 4 7 10 12 | 12.5
Invocations    | 3 5 8 11 14 15 | 15.5
Unarmed Combat | 1 |  1.3

Action                   |  1- 3 |  4- 6 |  7- 9 | 10-12 || total
-------------------------+-------+-------+-------+-------++-------
Melee: Unarmed           |     2 |       |       |       ||     2
       Dagger            |     2 |     4 |    16 |    55 ||    77
       Punch             |       |       |     1 |     6 ||     7
       Rapier            |       |       |       |   141 ||   141
Throw: Dart              |       |       |     3 |     7 ||    10
Invok: Shadow Step       |       |       |       |     4 ||     4
Evoke: Wand              |       |       |     1 |     4 ||     5
       Lightning rod     |       |       |       |     4 ||     4
       Condenser vane    |       |       |       |     2 ||     2
  Use: Potion            |     1 |       |     2 |     6 ||     9
       Scroll            |       |       |     1 |    11 ||    12
 Stab: Sleeping          |     2 |     4 |     5 |    33 ||    44
       Invisible         |       |       |     4 |     3 ||     7
       Distracted        |       |       |       |     3 ||     3
       Confused          |       |       |       |     1 ||     1
Armor: Robe              |       |       |     1 |     2 ||     3
Dodge: Dodged            |       |       |     7 |    83 ||    90

Table legend: (Time is in decaauts)
 A = Elapsed time spent in this place.
 B = Non-inter-level travel time spent in this place.
 C = Inter-level travel time spent in this place.
 D = Time resting spent in this place.
 E = Time spent auto-exploring this place.
 F = Levels seen in this place.
 G = Mean time per level.
                   A        B        C        D        E       F      G
               +--------+--------+--------+--------+--------+-----+--------+
         Total |   3217 |   3187 |     30 |   1802 |      0 |   1 | 3217.0 |
       Dungeon |   3217 |   3187 |     30 |   1802 |      0 |   1 | 3217.0 |
               +--------+--------+--------+--------+--------+-----+--------+

Top non-repeatable levels by time:
       D: 3217 daAuts
